 Dungeon Crawl Stone Soup version 0.14-a0-1773-ge500af7 (webtiles) character file.

264 Mitsuki the Covered (level 4, -1/42 HPs)
             Began as a Deep Dwarf Fighter on Jan 6, 2014.
             Killed by divine providence
             ... invoked by an orc priest
              (12 damage)
             ... on Level 3 of the Dungeon.
             The game lasted 00:04:10 (1496 turns).

Mitsuki the Covered (Deep Dwarf Fighter)            Turns: 1496, Time: 00:04:10

HP  -1/42        AC  8     Str 21      XL: 4   Next: 91%
MP   4/4         EV  7     Int  8      God:
Gold 133         SH 22     Dex 12      Spells:  0 memorised,  3 levels left

rFire  . . .     SeeInvis .     a - +0 dwarf hand axe
rCold  . . .     Clarity  .     b - +0 dwarf scale mail
rNeg   . . .     Conserve .     c - +0 dwarf shield
rPois  .         rCorr    .     (no helmet)
rElec  .         rRot     .     (no cloak)
SustAb . .       Spirit   .     (no gloves)
rMut   .         Warding  .     (no boots)
Saprov . . .     Stasis   .     (no amulet)
                                (no ring)
                                (no ring)

@: non-regenerating, slightly resistant to hostile enchantments, extremely
unstealthy
A: damage resistance, recharge devices, sense surroundings 1, slow healing 3
a: Device Recharging


You were on level 3 of the Dungeon.
You were hungry.

You visited 1 branch of the dungeon, and saw 3 of its levels.

You collected 133 gold pieces.

Inventory:

Hand weapons
 a - a +0,+0 dwarven hand axe (weapon)
Armour
 b - a +0 dwarven scale mail (worn)
 c - a +0 dwarven shield (worn)
Magical devices
 d - a wand of heal wounds (2)
 h - a wand of disintegration (17)
Comestibles
 f - 5 bread rations
 g - a lychee
 l - 3 chunks of jackal flesh
 m - an apple
 p - 4 chunks of orc flesh
 q - a chunk of adder flesh
Scrolls
 e - a scroll of enchant weapon II {unknown}
 i - 2 scrolls of identify
 j - a scroll of amnesia {unknown}
 k - a scroll of immolation {unknown}
 n - a scroll of curse weapon {unknown}
Jewellery
 o - an uncursed amulet of resist mutation


   Skills:
 + Level 3.3 Fighting
 + Level 3.1 Axes
 + Level 4.3 Armour
 + Level 4.2 Shields


You had 3 spell levels left.
You didn't know any spells.

Dungeon Overview and Level Annotations

Branches:
Dungeon (3/16)

Altars:


Innate Abilities, Weirdness & Mutations

You are resistant to damage.
You can recharge devices by infusing magical energy.
You passively map a small area around you.
You do not heal naturally.


Message History

You hit the orc priest.
The orc priest is almost dead.
The orc priest hits you with an orcish falchion.
You hit the orc priest but do no damage.
The orc priest is almost dead.
The orc priest barely misses you.
You hit the orc priest.
The orc priest is almost dead.
The orc priest invokes the aid of Beogh against you.
Something smites you!
* * * LOW HITPOINT WARNING * * *
You hit the orc priest but do no damage.
The orc priest is almost dead.
The orc priest utters an invocation to Beogh.
You feel a wave of unholy energy pass over you.
You hit the orc priest but do no damage.
The orc priest is almost dead.
The orc priest mumbles some strange prayers to Beogh against you.
Something smites you!
You die...

........................
,
......#.#####.#%%#..#.#*
.....#.# #.#..#..#.#
....#.#####.#))#..#.### *
...#.##..............# ,
,........#..#..#.#.# *
.#.....#..#..#.#.##
#..#..#..#..#.#.#. * ,
*,,,#@.#..#..#..#.#.#.
##. #)o#.##..#..#.#.#. ,
......#........#..#.#.#.
,
..o...........#.#..#.....
*
##.#..##.#.###.#..#.#.#.
...o....#.###.#..#.#.#. >
......................#.
* .................#.###.
*.#..##................


You could see an orc priest.

Vanquished Creatures
  An orc priest (D:3)
  5 adders
  2 worms (D:2)
  A giant gecko (D:2)
  2 orcs (D:3)
  A bat (D:3)
  8 hobgoblins
  7 jackals
  4 kobolds
  A quokka (D:2)
  2 giant newts
  4 goblins
  3 rats
41 creatures vanquished.

Notes
Turn   | Place    | Note
--------------------------------------------------------------
     0 | D:1      | Mitsuki, the Deep Dwarf Fighter, began the quest for the Orb.
     0 | D:1      | Reached XP level 1. HP: 20/20 MP: 1/1
   377 | D:1      | Reached XP level 2. HP: 18/27 MP: 2/2
   789 | D:2      | Reached XP level 3. HP: 21/34 MP: 3/3
  1218 | D:2      | Reached skill level 4 in Shields
  1339 | D:3      | Reached XP level 4. HP: 38/42 MP: 4/4
  1496 | D:3      | Killed from afar by an orc priest

Action                   |  1- 3 |  4- 6 || total
-------------------------+-------+-------++-------
Melee: Hand axe          |    95 |    57 ||   152
Evoke: Wand              |     1 |     3 ||     4
  Use: Scroll            |     3 |       ||     3
       Potion            |     2 |       ||     2
